AoeStats
← Owen Waltz

African Clearing

510435678Analyzed
2v2 RM · 20h ago on Oct 1, 2026· 32m 30s· 4 players
Game mode
Random Map
Map size
Medium (4 player)
Population
200
Speed
Normal
Resources
Standard
Victory
Conquest
Starting age
Dark Age
Ending age
Imperial Age
RankedLock teamsTeams togetherTeam positionsShared explorationLock speedFull tech treeHidden civsTurbo modeCheats
Victory
Defeat
🇦🇷 Burgundians · Argentina
1218
+12
🇦🇷 Huns · Argentina
1201
+14
🇲🇽 Italians · Mexico
1136
-13
🇲🇽 Khitans · Mexico
1136
-13
pelaaa
9:09 Loom
13:55 Feudal Age
12:32 Double-Bit Axe
18:25 Castle Age
16:21 Stone Mining
16:58 Horse Collar
17:10 Gold Mining
18:49 Bow Saw
20:39 Wheelbarrow
28:44 Heavy Plow
32:39 Stone Shaft Mining
32:42 Gold Shaft Mining
33:08 Two-Man Saw
Hiper
12:18 Feudal Age
13:26 Double-Bit Axe
16:15 Castle Age
16:18 Loom
16:26 Fletching
18:13 Bow Saw
18:57 Bodkin Arrow
20:24 Padded Archer Armor
22:36 Gold Mining
25:53 Wheelbarrow
27:23 Ballistics
31:57 Hand Cart
31:31 Town Watch
35:12 Imperial Age
Owen Waltz
6:38 Loom
16:18 Feudal Age
21:30 Castle Age
25:17 Forging
AlexSk8
6:32 Loom
14:16 Feudal Age
16:08 Double-Bit Axe
20:50 Castle Age
19:29 Horse Collar
20:11 Fletching
20:50 Pikeman
21:26 Elite Skirmisher
21:59 Elite Skirmisher
22:38 Bodkin Arrow
Connection lost

Rejoining the realm…

Still unreachable

The connection could not be restored.

Session expired

The server has moved on; the page needs a fresh start.